 Dungeon Crawl Stone Soup version 0.23.1-37-gaa34b87 (webtiles) character file.

Game seed: 15990566232178250830

11781 dhn the Cleaver (level 11, 0/99 HPs)
             Began as a Minotaur Fighter on Mar 27, 2019.
             Slain by a manticore (4 damage)
             ... on level 11 of the Dungeon.
             The game lasted 00:21:54 (13332 turns).

dhn the Cleaver (Minotaur Fighter)                 Turns: 13332, Time: 00:21:55

Health: 0/99       AC: 14    Str: 20    XL:     11   Next: 53%
Magic:  10/10      EV:  7    Int:  7    God:
Gold:   733        SH: 11    Dex: 12    Spells: 10/10 levels left

rFire    . . .     SeeInvis .   F - +1 war axe
rCold    . . .     Gourm    .   c - +0 shield
rNeg     . . .     Faith    .   A - +0 plate armour
rPois    .         Spirit   .   (helmet restricted)
rElec    .         Reflect  .   h - scarf {cloud immunity}
rCorr    .         Harm     .   y - +1 pair of gloves
MR       .....                  I - +0 pair of boots
Stlth    ..........             (no amulet)
HPRegen  0.26/turn              (no ring)
MPRegen  0.12/turn              (no ring)

@: corroded
A: retaliatory headbutt, horns 2
a: no special abilities


You were on level 11 of the Dungeon.
You were very hungry.

You visited 1 branch of the dungeon, and saw 11 of its levels.
You also visited: Ossuary.

You collected 733 gold pieces.

Inventory:

Hand Weapons
 a - a +0 war axe
 F - a +1 war axe (weapon)
 H - a +0 hand axe
Armour
 b - a +0 scale mail
 c - a +0 shield (worn)
 h - a scarf of cloud immunity (worn)
 y - a +1 pair of gloves (worn)
 A - a +0 plate armour (worn)
 I - a +0 pair of boots (worn)
Jewellery
 z - an uncursed ring of protection from cold
Wands
 G - a wand of random effects (20)
 J - a wand of flame (16)
Scrolls
 e - 2 scrolls of magic mapping
 i - 8 scrolls of identify
 j - 8 scrolls of teleportation
 k - 8 scrolls of remove curse {unknown}
 m - 2 scrolls of random uselessness {unknown}
 n - 2 scrolls of enchant armour
 o - 4 scrolls of blinking {unknown}
 p - 2 scrolls of enchant weapon {unknown}
 u - 2 scrolls of amnesia {unknown}
 w - 2 scrolls of fog {unknown}
 K - 3 scrolls of noise {unknown}
Potions
 d - a potion of might
 g - a potion of ambrosia {unknown}
 q - a potion of haste {unknown}
 r - a potion of agility {unknown}
 s - 4 potions of brilliance {unknown}
 t - 3 potions of mutation {unknown}
 v - a potion of cancellation {unknown}
 x - 4 potions of lignification {unknown}
 B - 4 potions of heal wounds {unknown}
 C - 2 potions of resistance {unknown}
 D - a potion of invisibility {unknown}
Comestibles
 f - 30 rations


   Skills:
 + Level 10.0 Fighting
 + Level 14.2 Axes
 + Level 10.1 Armour
 + Level 3.2 Dodging
 + Level 1.2 Stealth
 + Level 9.6 Shields
 + Level 0.2 Evocations


You had 10 spell levels left.
You didn't know any spells.
Your spell library contained the following spells:

 Spells                   Type           Power        Failure   Level  Hunger
 Animate Skeleton         Necr           N/A          100%        1    ##.....
 Pain                     Necr           #...         100%        1    ##.....
 Regeneration             Chrm/Necr      #.........   100%        3    ####...
 Vampiric Draining        Necr           #.........   100%        3    ####...
 Animate Dead             Necr           N/A          100%        4    #####..


Dungeon Overview and Level Annotations

Branches:
Dungeon (11/15)            Temple (0/1) D:6            Lair (0/6) D:10
    Orc: D:9-12

Altars:
Cheibriados
Dithmenos
Okawaru
Qazlal
Sif Muna
Xom
Zin

Shops:
D:8 (

Annotations:
D:7 1 runed translucent door, Rwicked's ghost, novice CeHu
D:9 3 runed translucent doors, Kairos's ghost, journeyman VSFi


Innate Abilities, Weirdness & Mutations

You reflexively headbutt those who attack you in melee.
You have a pair of horns on your head.


Message History

You block the manticore's attack. x2
Evoke which item? (* to show all) (? for menu, Esc to quit)
Aiming: Corrosive Bolt
Press: ? - help, Shift-Dir - straight line, f/p - manticore
Aim: a manticore (heavily wounded)
The bolt of acid hits the manticore.
The manticore is splashed with acid.
The acid corrodes the manticore!
The manticore is severely wounded.
The now-empty wand crumbles to dust.
The manticore bites you but does no damage.
You block the manticore's attack.
The manticore claws you but does no damage.
You slash the manticore! Your headbutt misses the manticore.
The manticore is almost dead.
You completely miss the manticore. You headbutt the manticore.
The manticore is almost dead.
The manticore bites you.
* * * LOW HITPOINT WARNING * * *
The manticore claws you.
You die...

............ .#
......###### #.#
.....## #.# #...## #.#
##.## #.# #.# ##### #.#
# #)# #...###.##.#
#.#######...([(....#
#...........###@####
#.##......#....H......#
#.##.##...a.##...###..#
#.##.##..#.###.#.#
..##.##..#.# #. ..
..##........ .. ..(
.#..#..#####+### ###
....#..


You could see a manticore and a worker ant.

Vanquished Creatures
  2 two-headed ogres
  Sonja (D:10)
  A cyclops (D:11)
  A queen bee (D:9)
  3 hippogriffs
  Sigmund (D:6)
  5 yaks (D:10)
  2 steam dragons (D:9)
  Edmund (D:6)
  A water moccasin (D:7)
  3 porcupines (D:10)
  2 ice beasts
  3 black bears
  5 orc warriors
  3 necrophages
  2 sky beasts
  5 ogres
  3 centaurs
  2 crocodiles (D:10)
  4 elf zombies
  11 bullfrogs
  2 elf skeletons (D:5)
  A water moccasin skeleton (D:10)
  2 scorpions
  29 killer bees
  7 wights (D:10)
  A howler monkey (D:6)
  4 crimson imps
  A bullfrog zombie (D:6)
  A quasit (D:7)
  3 centaur zombies
  4 hounds
  6 jellies
  A bullfrog skeleton (D:11)
  10 orc priests
  A centaur skeleton (D:6)
  2 human zombies
  5 orc wizards
  Jessica (D:3)
  4 iguanas
  2 human skeletons (D:5)
  4 worker ants
  A killer bee zombie (D:10)
  A big kobold zombie (Ossuary)
  3 hound zombies
  3 mummies (Ossuary)
  A worker ant zombie (D:8)
  3 gnolls (D:6)
  7 adders
  A howler monkey skeleton (D:10)
  4 shadow imps
  6 oozes
  An adder zombie (D:5)
  An adder skeleton (D:8)
  A worm (D:3)
  A dart slug (D:1)
  10 leopard geckos
  35 orcs
  3 bats
  8 giant cockroaches
  4 goblins
  6 hobgoblins (D:1)
  27 jackals
  5 kobolds
  6 quokkas
  A ball python skeleton (D:5)
  3 frilled lizards
  A gnoll zombie (Ossuary)
  4 goblin zombies (Ossuary)
  7 hobgoblin zombies (Ossuary)
  3 jackal zombies
  4 kobold zombies (Ossuary)
  A leopard gecko skeleton (D:4)
  A leopard gecko zombie (D:6)
  An orc zombie (Ossuary)
  A quokka skeleton (D:5)
  A quokka zombie (Ossuary)
  7 rats
  7 rat zombies (Ossuary)
332 creatures vanquished.

Vanquished Creatures (others)
  21 fungi
  7 plants
28 creatures vanquished.

Grand Total: 360 creatures vanquished

Notes
Turn   | Place    | Note
-------+----------+-------------------------------------------
     0 | D:1      | dhn the Minotaur Fighter began the quest for the Orb.
     0 | D:1      | Reached XP level 1. HP: 19/19 MP: 0/0
   176 | D:1      | Reached XP level 2. HP: 27/27 MP: 1/1
   621 | D:1      | Reached XP level 3. HP: 30/33 MP: 2/2
   791 | D:2      | Found an iron altar of Okawaru.
   853 | D:2      | Reached skill level 3 in Axes
  1120 | D:2      | Found a deep blue altar of Sif Muna.
  1320 | D:3      | Reached XP level 4. HP: 41/41 MP: 3/3
  1325 | D:3      | Reached skill level 4 in Axes
  1325 | D:3      | Reached skill level 1 in Dodging
  1325 | D:3      | Reached XP level 5. HP: 33/47 MP: 4/4
  1618 | D:3      | Noticed Jessica
  1629 | D:3      | Killed Jessica
  1994 | D:3      | You fall through a shaft for 3 floors!
  2038 | D:6      | Reached skill level 5 in Axes
  2187 | D:6      | Found a stormy altar of Qazlal.
  2187 | D:6      | Found a shimmering altar of Xom.
  2225 | D:6      | Noticed an orc warrior
  2233 | D:6      | Reached XP level 6. HP: 55/55 MP: 5/5
  2271 | D:5      | Entered Level 5 of the Dungeon
  2319 | D:5      | Found a snail-covered altar of Cheibriados.
  2396 | D:5      | Reached skill level 5 in Fighting
  2396 | D:5      | Reached skill level 5 in Armour
  2408 | D:5      | Found a sand-covered staircase.
  2412 | D:5      | Reached skill level 6 in Axes
  2516 | Ossuary  | Entered an ossuary
  2632 | Ossuary  | Reached XP level 7. HP: 57/61 MP: 6/6
  2675 | Ossuary  | Reached skill level 7 in Axes
  2716 | Ossuary  | Reached skill level 5 in Shields
  2969 | D:5      | Reached skill level 8 in Axes
  3184 | D:5      | Reached XP level 8. HP: 70/70 MP: 7/7
  3734 | D:4      | Found a glowing silver altar of Zin.
  3734 | D:4      | Noticed an angel
  5261 | D:6      | Reached skill level 9 in Axes
  5578 | D:6      | Noticed Edmund
  5586 | D:6      | Killed Edmund
  5602 | D:6      | Noticed Sigmund
  5609 | D:6      | Killed Sigmund
  5615 | D:6      | Found a shadowy altar of Dithmenos.
  5950 | D:6      | Reached XP level 9. HP: 73/78 MP: 8/8
  5989 | D:6      | Found a staircase to the Ecumenical Temple.
  6282 | D:7      | Reached skill level 10 in Axes
  6662 | D:7      | Found a runed translucent door.
  6662 | D:7      | Noticed Rwicked's ghost (novice CeHu)
  6730 | D:7      | Reached skill level 1 in Stealth
  7516 | D:8      | Reached skill level 11 in Axes
  7717 | D:8      | Found Iryopt's Weapon Shoppe.
  8532 | D:8      | Noticed a two-headed ogre
  8986 | D:9      | Reached XP level 10. HP: 78/88 MP: 9/9
  9005 | D:9      | Found a runed translucent gate.
  9006 | D:9      | Found a runed translucent gate.
  9006 | D:9      | Noticed Kairos's ghost (journeyman VSFi)
  9008 | D:9      | Reached skill level 12 in Axes
  9009 | D:9      | Found a runed translucent gate.
  9605 | D:10     | Entered Level 10 of the Dungeon
  9943 | D:10     | Found a staircase to the Lair.
 10228 | D:10     | Reached skill level 13 in Axes
 10586 | D:10     | Noticed Sonja
 10773 | D:10     | Killed Sonja
 11111 | D:9      | Reached XP level 11. HP: 97/97 MP: 10/10
 11165 | D:8      | Killed a two-headed ogre
 12531 | D:9      | Reached skill level 14 in Axes
 13077 | D:11     | Noticed a two-headed ogre
 13097 | D:11     | Killed a two-headed ogre
 13097 | D:11     | Reached skill level 10 in Armour
 13314 | D:11     | Reached skill level 10 in Fighting
 13327 | D:11     | HP: 2/99 [manticore (16)]
 13332 | D:11     | HP: 4/99 [manticore (6)]
 13332 | D:11     | Slain by a manticore

Skill      XL: |  1  2  3  4  5  6  7  8  9 10 11 |
---------------+----------------------------------+-----
Shields        | 4 5 6 8 9 |  9.6
Fighting       | 4 5 6 8 9 10 | 10.0
Armour         | 4 5 6 8 9 10 | 10.1
Axes           | 3 4 5 6 8 9 11 13 14 | 14.2
Dodging        | 1 2 3 |  3.2
Stealth        | 1 |  1.2
Evocations     | |  0.2

Action                   |  1- 3 |  4- 6 |  7- 9 | 10-12 || total
-------------------------+-------+-------+-------+-------++-------
Melee: War axe           |    71 |   151 |   445 |   467 ||  1134
       Headbutt          |     4 |    31 |    89 |    99 ||   223
Evoke: Wand              |       |       |       |     5 ||     5
  Use: Scroll            |       |     4 |       |     2 ||     6
       Potion            |       |     1 |       |     6 ||     7
  Eat: Chunk             |       |     4 |    16 |     6 ||    26
       Ration            |       |       |     2 |     2 ||     4
Armor: Scale mail        |    29 |    52 |   109 |       ||   190
       Plate armour      |       |       |    36 |   227 ||   263
Dodge: Dodged            |    19 |    56 |   102 |   104 ||   281
Block: Shield            |    35 |    66 |   183 |   264 ||   548
